 Dungeon Crawl Stone Soup version 0.21-a0-513-gdcb3f5e (webtiles) character file.

57704 Hafrunt the Basher (level 14, -4/199 HPs)
             Began as a Minotaur Berserker on Dec 2, 2017.
             Was a High Priest of Trog.
             Slain by an orc warrior
             ... wielding a +0 mace
             ... led by Saint Roka
              (25 damage)
             ... on level 1 of the Orcish Mines.
             The game lasted 00:51:59 (19089 turns).

Hafrunt the Basher (Minotaur Berserker)            Turns: 19089, Time: 00:51:59

Health: -4/199     AC: 19    Str: 30    XL:     14   Next: 46%
Magic:  20/20      EV:  9    Int:  4    God:    Trog [*****.]
Gold:   2161       SH: 14    Dex: 12    Spells: 13/13 levels left

rFire    . . .     SeeInvis .   a - +3 eveningstar (drain)
rCold    . . .     Gourm    .   g - +0 shield
rNeg     . . .     Faith    .   i - +0 plate armour
rPois    .         Spirit   .   (helmet restricted)
rElec    .         Reflect  .   r - +1 cloak {+Inv}
rCorr    .         Harm     .   (no gloves)
MR       +....                  D - +0 pair of boots
Stlth    ..........             (no amulet)
HPRegen  0.43/turn              (no ring)
MPRegen  0.17/turn              (no ring)

@: berserking, very quick
A: retaliatory headbutt, horns 2
a: Berserk, Trog's Hand, Brothers in Arms, Burn Spellbooks, Renounce Religion,
Evoke Invisibility


You were on level 1 of the Orcish Mines.
You worshipped Trog.
Trog was extremely pleased with you.
You were very hungry.

You visited 3 branches of the dungeon, and saw 19 of its levels.

You collected 2161 gold pieces.

Inventory:

Hand Weapons
 a - a +3 eveningstar of draining (weapon)
 b - the +6 flail of Equivalence {freeze, rF++}
   (Trog gifted it to you on level 1 of the Orcish Mines)

   It has been specially enchanted to freeze those struck by it, causing extra
   injury to most foes and up to half again as much damage against particularly
   susceptible opponents.
   It can also slow down cold-blooded creatures.
   It greatly protects you from fire.
Missiles
 A - 8 poisoned javelins (quivered)
Armour
 g - a +0 shield (worn)
 i - a +0 plate armour (worn)
 r - a +1 cloak of invisibility (worn)
 t - a +2 cloak
 D - a +0 pair of boots (worn)
Jewellery
 J - a cursed ring of ice
Wands
 p - a wand of disintegration (10)
 B - a wand of flame (52)
 E - a wand of enslavement (35)
 F - a wand of clouds (6)
 K - a wand of digging (17)
 N - a wand of scattershot (7)
Scrolls
 d - 4 scrolls of remove curse
 f - 5 scrolls of identify
 h - a scroll of enchant armour
 j - 7 scrolls of teleportation
 o - 5 scrolls of magic mapping
 q - 3 scrolls of blinking
 v - 3 scrolls of noise
 y - 3 scrolls of fog
 L - 2 scrolls of torment {unknown}
 O - a scroll of immolation {unknown}
 R - a scroll of summoning {unknown}
 S - 4 scrolls of enchant weapon
Potions
 e - 8 potions of curing
 l - 3 potions of resistance
 m - 4 potions of agility
 n - 5 potions of brilliance
 s - 4 potions of mutation
 u - 2 potions of magic
 w - 3 potions of lignification
 z - 2 potions of heal wounds
 C - 3 potions of might
 H - 2 potions of haste
Miscellaneous
 I - a lightning rod (4/4)
Comestibles
 c - 6 bread rations
 k - 11 meat rations
 x - 6 royal jellies
 G - 4 fruits


   Skills:
 + Level 14.7 Fighting
 + Level 14.9 Maces & Flails
 + Level 12.3 Armour
 - Level 2.1 Dodging
 + Level 13.8 Shields
 + Level 9.5 Evocations


You had 13 spell levels left.
You didn't know any spells.

Dungeon Overview and Level Annotations

Branches:
Dungeon (11/15)            Temple (0/1) D:6            Lair (6/6) D:11
 Shoals (0/4) Lair:2       Spider (0/4) Lair:4        Slime (0/5) Lair:6
    Orc (2/2) D:10            Elf (0/3) Orc:2

Altars:
Ashenzari
Dithmenos
Elyvilon
Fedhas
Hepliaklqana
Kikubaaqudgha
Makhleb
Ru
Trog
Yredelemnul
Zin
Beogh
Jiyva

Shops:
D:8 =   D:10 [   D:11 %

Portals:
Trove: D:11 (give +2 storm dragon scales)

Annotations:
Orc:2 Saint Roka


Innate Abilities, Weirdness & Mutations

You reflexively headbutt those who attack you in melee.
You have a pair of horns on your head.


Message History

You are too injured to fight recklessly!
You bludgeon the orc wizard!!
You kill the orc wizard!
Trog accepts your kill.
Trog appreciates your killing of a magic user.
You crush the ogre like a grape!!!
You kill the ogre!
Trog accepts your kill.
The orc warrior hits you but does no damage.
You block the orc warrior's attack.
An orc and an orc warrior come into view.
The orc shouts!
The orc priest invokes the aid of Beogh against you.
Pain shoots through your body!
* * * LOW HITPOINT WARNING * * *
Items here: )) [ † a giant spiked club; a dagger; a robe; an orc corpse You feel a strong urge to attack something.
The orc warrior hits you with a mace!!
You die...

...#.## ....##
.#.## ## ####
#.#. # .....
## #.o. .####
####..# ....#
##o#o.## ....#
#>)@o..#
....###
##o....#
..##..###
###...#
####....#
##....
.##.....###
#....
##......#.#
#.#.
.....#...####
.#
...####.....##
# ...#
#....#.#


You could see 3 orc warriors, an orc priest and an orc.

Vanquished Creatures
  Rupert (Lair:5)
  The ghost of bombasticus the Impaler, a journeyman MiBe of Trog (Lair:6)
  The ghost of Dawnplanks the Blocker, a journeyman GnFi of Cheibriados (Lair:2)
  Snorg (Lair:3)
  Josephine (Lair:5)
  3 hydras
  Erolcha (D:9)
  Fannar (Lair:3)
  A merfolk avatar (Lair:6)
  Erica (D:10)
  5 two-headed ogres
  8 death yaks
  2 sea snakes (Lair:6)
  A cyclops (D:11)
  2 orc knights (Orc:2)
  An orc sorcerer (Orc:2)
  A manticore (Lair:6)
  3 centaur zombies
  13 elephants
  Maurice (D:9)
  A black mamba (Lair:1)
  A torpor snail (Lair:4)
  10 spiny frogs
  9 komodo dragons
  4 rime drakes
  2 trolls (Orc:2)
  3 polar bears
  Grinder (D:4)
  Prince Ribbit (D:5)
  6 blink frogs
  4 hornets
  2 hippogriffs
  5 wraiths (Lair:5)
  3 wyverns (Lair:6)
  47 yaks
  A vampire (D:11)
  3 basilisks
  4 wargs
  A soldier ant (D:11)
  8 porcupines
  8 water moccasins
  18 orc warriors
  A black bear (D:7)
  3 ice beasts
  3 phantoms (D:6)
  16 wolves
  3 sky beasts
  8 ogres
  8 centaurs
  11 crocodiles
  2 big kobolds
  17 bullfrogs
  A water moccasin zombie (D:7)
  3 scorpions
  6 killer bees (D:11)
  4 wights (D:11)
  An electric eel (Lair:5)
  4 crimson imps
  A bullfrog zombie (D:11)
  20 orc priests
  2 bullfrog skeletons
  4 hounds
  2 jellies
  A centaur skeleton (D:4)
  24 orc wizards
  5 iguanas
  6 worker ants
  2 hound skeletons
  A howler monkey zombie (D:6)
  A worker ant zombie (D:11)
  13 adders
  A shadow imp (D:8)
  2 oozes (Lair:6)
  An adder zombie (D:6)
  4 adder skeletons
  A dart slug (D:3)
  3 worms
  6 leopard geckos
  85 orcs
  7 giant cockroaches
  8 goblins
  12 hobgoblins
  15 jackals
  6 quokkas
  3 ball pythons
  10 bats
  6 frilled lizards
  16 kobolds
  A quokka skeleton (D:3)
  9 rats
560 creatures vanquished.

Vanquished Creatures (others)
  9 fungi
  21 plants (Lair:6)
30 creatures vanquished.

Grand Total: 590 creatures vanquished

Notes
Turn   | Place    | Note
-------+----------+-------------------------------------------
     0 | D:1      | Hafrunt the Minotaur Berserker began the quest for the Orb.
     0 | D:1      | Reached XP level 1. HP: 19/19 MP: 0/0
    17 | D:1      | Reached XP level 2. HP: 27/27 MP: 1/1
   512 | D:1      | Reached ** piety under Trog
   512 | D:1      | Reached XP level 3. HP: 31/34 MP: 2/2
   943 | D:2      | Found a shadowy altar of Dithmenos.
  1030 | D:2      | Reached XP level 4. HP: 41/41 MP: 3/3
  1031 | D:2      | Reached skill level 5 in Fighting
  1031 | D:2      | Reached skill level 5 in Maces & Flails
  1082 | D:2      | Found a shattered altar of Ashenzari.
  1524 | D:3      | Reached *** piety under Trog
  1535 | D:3      | Reached XP level 5. HP: 48/48 MP: 4/4
  1672 | D:3      | Found a bloodstained altar of Trog.
  1780 | D:3      | Received a gift from Trog
  2093 | D:4      | Reached skill level 1 in Shields
  2306 | D:4      | Reached XP level 6. HP: 49/57 MP: 5/5
  2553 | D:4      | Noticed Grinder
  2573 | D:4      | Killed Grinder
  2573 | D:4      | Reached XP level 7. HP: 60/66 MP: 6/6
  2861 | D:5      | Entered Level 5 of the Dungeon
  2861 | D:5      | Noticed Prince Ribbit
  2873 | D:5      | Killed Prince Ribbit
  3383 | D:5      | Reached XP level 8. HP: 70/74 MP: 7/7
  3430 | D:5      | Reached skill level 5 in Shields
  3499 | D:5      | Reached **** piety under Trog
  3918 | D:6      | Found a burning altar of Makhleb.
  4371 | D:6      | Found a sacrificial altar of Ru.
  4472 | D:6      | Reached XP level 9. HP: 83/83 MP: 8/8
  4498 | D:6      | Found a staircase to the Ecumenical Temple.
  5510 | D:8      | Noticed a two-headed ogre
  5512 | D:8      | Reached skill level 1 in Evocations
  5516 | D:8      | Killed a two-headed ogre
  5516 | D:8      | Reached skill level 10 in Fighting
  5516 | D:8      | Reached skill level 10 in Maces & Flails
  5519 | D:8      | Found Qingash's Jewellery Shop.
  5832 | D:8      | Reached ***** piety under Trog
  5875 | D:8      | Noticed a two-headed ogre
  5885 | D:8      | Killed a two-headed ogre
  5885 | D:8      | Reached XP level 10. HP: 78/94 MP: 9/11
  5993 | D:8      | Found a white marble altar of Elyvilon.
  6218 | D:9      | Reached skill level 5 in Armour
  6244 | D:9      | Found a glowing silver altar of Zin.
  6271 | D:9      | Noticed Erolcha
  6287 | D:9      | Killed Erolcha
  6755 | D:9      | Noticed Maurice
  6773 | D:9      | Killed Maurice
  6828 | D:9      | Found a blossoming altar of Fedhas.
  6830 | D:9      | Found a hazy altar of Hepliaklqana.
  6832 | D:9      | Found an ancient bone altar of Kikubaaqudgha.
  6833 | D:9      | Found a basalt altar of Yredelemnul.
  6849 | D:10     | Entered Level 10 of the Dungeon
  7118 | D:10     | Noticed Erica
  7131 | D:10     | Killed Erica
  7131 | D:10     | Reached XP level 11. HP: 65/102 MP: 13/13
  7277 | D:10     | Found Eratig's Antique Armour Boutique.
  7645 | D:10     | Found a roughly hewn altar of Beogh.
  7645 | D:10     | Found a staircase to the Orcish Mines.
  8062 | D:10     | Reached skill level 10 in Shields
  8345 | D:11     | Noticed a two-headed ogre
  8357 | D:11     | Reached skill level 5 in Evocations
  8360 | D:11     | Killed a two-headed ogre
  8435 | D:11     | Found a portal to a secret trove of treasure.
  8709 | D:11     | Found a staircase to the Lair.
  8745 | D:11     | Received a gift from Trog
  8835 | D:11     | Noticed a two-headed ogre
  8841 | D:11     | Killed a two-headed ogre
  8903 | D:11     | Found Tasoem's Food Shop.
  9170 | Lair:1   | Entered Level 1 of the Lair of Beasts
  9859 | Lair:1   | Reached XP level 12. HP: 111/113 MP: 15/15
 10529 | Lair:2   | Noticed Dawnplanks's ghost (journeyman GnFi)
 10694 | Lair:2   | Killed Dawnplanks's ghost
 10973 | Lair:2   | Found a staircase to the Shoals.
 12018 | Lair:3   | Noticed Fannar
 12028 | Lair:3   | Killed Fannar
 12184 | Lair:3   | Noticed Snorg
 12192 | Lair:3   | Killed Snorg
 12329 | Lair:3   | Reached ****** piety under Trog
 12579 | Lair:4   | Received a gift from Trog
 12586 | Lair:4   | Reached skill level 10 in Armour
 13133 | Lair:4   | Noticed a six-headed hydra
 13142 | Lair:4   | Killed a six-headed hydra
 13142 | Lair:4   | Reached XP level 13. HP: 85/122 MP: 17/17
 13323 | Lair:4   | Found a hole to the Spider Nest.
 13735 | Lair:5   | Noticed Josephine
 13757 | Lair:5   | Killed Josephine
 14088 | Lair:5   | Noticed Rupert
 14098 | Lair:5   | Killed Rupert
 14495 | Lair:6   | Entered Level 6 of the Lair of Beasts
 14785 | Lair:6   | Received a gift from Trog
 15014 | Lair:6   | Noticed bombasticus's ghost (journeyman MiBe)
 15035 | Lair:6   | Killed bombasticus's ghost
 15412 | Lair:6   | Reached XP level 14. HP: 110/132 MP: 19/19
 15999 | Lair:6   | Found a runed door.
 16005 | Lair:6   | Found a viscous altar of Jiyva.
 16005 | Lair:6   | Found a staircase to the Slime Pits.
 17182 | Orc:1    | Entered Level 1 of the Orcish Mines
 17312 | Orc:1    | Received a gift from Trog
 17315 | Orc:1    | Found a bloodstained altar of Trog.
 17317 | Orc:1    | Got a twisted flail {god gift}
 17607 | Orc:1    | Identified the +6 flail of Equivalence {freeze, rF++} (Trog gifted it to you on level 1 of the Orcish Mines)
 17620 | Orc:2    | Entered Level 2 of the Orcish Mines
 17647 | Orc:2    | Paralysed by an orc sorcerer for 4 turns
 18680 | Orc:2    | Found a staircase to the Elven Halls.
 18762 | Orc:2    | Noticed Saint Roka
 19089 | Orc:1    | Slain by an orc warrior

Vault maps used:
D:1:      dpeg_arrival_pits, minmay_misc_feat_doors, minivault_23
D:2:      nicolae_dithmenos_through_a_glass_darkly, evilmike_ruin_ashenzari,
          first_bread
D:3:      trog_three_pillars_becter
D:4:      minmay_misc_feat_secret_circle, uniq_grinder
D:5:      lemuel_ice_spiral_2, serial_glass, glass_columns_a, glass_columns_b,
          eino_curves_01, uniq_prince_ribbit1
D:6:      minmay_temple_entry_metal_lava, basic_altar, lemuel_tele_altar
D:8:      elyvilon_altar_3, serial_shops, nicolae_shop_statue_plus
D:9:      minitemple, uniq_maurice, uniq_erolcha
D:10:     david_orc_5, serial_shops, shop, uniq_erica
D:11:     david_lair_generic, enter_trove_6, serial_shops, shop_statue
Lair:1:   serial_bayou_shore_b, grunt_megastairs_5
Lair:2:   elwin_shoals_entry_rocks
Lair:3:   uniq_fannar, uniq_snorg
Lair:4:   nicolae_spider_entry_non_spiders, grunt_megastairs_3
Lair:5:   infiniplex_staircase_pool, uniq_rupert, uniq_josephine
Lair:6:   gammafunk_lair_ancient_temple, slime_altar_2, minmay_lindwurm_lava
Orc:1:    basic_altar
Orc:2:    grunt_orc_tribal_feast, uniq_saint_roka

Skill      XL: |  1  2  3  4  5  6  7  8  9 10 11 12 13 14 |
---------------+-------------------------------------------+-----
Fighting       | 4 5 6 7 9 10 11 12 13 14 | 14.7
Maces & Flails | 4 5 6 7 9 10 11 12 13 14 | 14.9
Shields        | 1 3 4 7 8 9 11 12 13 | 13.8
Armour         | 4 6 8 10 11 12 | 12.3
Evocations     | 3 4 6 7 8 9 |  9.5
Dodging        | |  2.1

Action                   |  1- 3 |  4- 6 |  7- 9 | 10-12 | 13-15 || total
-------------------------+-------+-------+-------+-------+-------++-------
Melee: Mace              |    89 |   136 |    15 |       |       ||   240
       Headbutt          |    11 |    22 |    43 |   145 |   168 ||   389
       Morningstar       |       |       |   187 |   578 |       ||   765
       Demon whip        |       |       |       |    72 |   303 ||   375
       Eveningstar       |       |       |       |       |   326 ||   326
Throw: Javelin           |       |       |     2 |       |       ||     2
Invok: Berserk           |     2 |     2 |     1 |     7 |     7 ||    19
       Trog's Hand       |       |     1 |     1 |     4 |     2 ||     8
       Burn Spellbooks   |       |       |       |     4 |     1 ||     5
       Brothers in Arms  |       |       |       |       |     1 ||     1
Evoke: Wand              |       |       |       |     2 |       ||     2
  Use: Scroll            |       |       |    14 |     7 |     2 ||    23
  Eat: Chunk             |     1 |     8 |     3 |    32 |    21 ||    65
       Bread ration      |       |       |     2 |       |     1 ||     3
Armor: Animal skin       |     9 |       |       |       |       ||     9
       Plate armour      |    36 |    83 |   111 |   224 |   225 ||   679
Dodge: Dodged            |    41 |    30 |    37 |   122 |   123 ||   353
Block: Shield            |    26 |    51 |   104 |   338 |   345 ||   864

Table legend:
 A = Spawn XP
 B = Non-spawn XP
 C = Spawn XP percentage of total XP
 D = Spawn monster count
 E = Non-spawn monster count
 F = Spawn count percentage of total count
 G = Total turns spent on level
                    A         B        C        D         E        F      G
               +---------+---------+-------+---------+---------+-------+---------
         Total |       0 |   82435 |   0.0 |       0 |     560 |   0.0 | 19089
               +---------+---------+-------+---------+---------+-------+---------
           D:1 |       0 |      52 |   0.0 |       0 |      31 |   0.0 |   760
           D:2 |       0 |      98 |   0.0 |       0 |      29 |   0.0 |   754
           D:3 |       0 |     122 |   0.0 |       0 |      28 |   0.0 |   387
           D:4 |       0 |     596 |   0.0 |       0 |      22 |   0.0 |   960
           D:5 |       0 |     761 |   0.0 |       0 |      21 |   0.0 |   967
           D:6 |       0 |    1262 |   0.0 |       0 |      20 |   0.0 |   981
           D:7 |       0 |     702 |   0.0 |       0 |      13 |   0.0 |   662
           D:8 |       0 |    2604 |   0.0 |       0 |      15 |   0.0 |   805
           D:9 |       0 |    2790 |   0.0 |       0 |      18 |   0.0 |   682
          D:10 |       0 |    3681 |   0.0 |       0 |      54 |   0.0 |  1602
          D:11 |       0 |    7227 |   0.0 |       0 |      57 |   0.0 |   949
        Lair:1 |       0 |    2942 |   0.0 |       0 |      15 |   0.0 |  1110
        Lair:2 |       0 |    3186 |   0.0 |       0 |      12 |   0.0 |  1027
        Lair:3 |       0 |    5812 |   0.0 |       0 |      19 |   0.0 |  1089
        Lair:4 |       0 |    7846 |   0.0 |       0 |      41 |   0.0 |  1234
        Lair:5 |       0 |   12046 |   0.0 |       0 |      29 |   0.0 |  1221
        Lair:6 |       0 |   23926 |   0.0 |       0 |      63 |   0.0 |  1992
         Orc:1 |       0 |    2644 |   0.0 |       0 |      33 |   0.0 |   671
         Orc:2 |       0 |    4138 |   0.0 |       0 |      40 |   0.0 |  1236
               +---------+---------+-------+---------+---------+-------+---------
